AoeStats
← Malelf

Arabia

506504349Analyzed
1v1 RM · 19d ago on Sep 13, 2026· 17m 5s· 2 players
Game mode
Random Map
Map size
Tiny (2 player)
Population
200
Speed
Normal
Resources
Standard
Victory
Conquest
Starting age
Dark Age
Ending age
Imperial Age
RankedLock teamsTeams togetherTeam positionsShared explorationLock speedFull tech treeHidden civsTurbo modeCheats
Victory
Defeat
🇨🇴 Magyars · Colombia
1817
+11
🇮🇹 Mongols · Italy
1697
-11
Espummoni
6:41 Loom
9:02 Feudal Age
11:34 Double-Bit Axe
16:22 Fletching
17:07 Padded Archer Armor
Malelf
8:34 Loom
11:37 Feudal Age
11:43 Man-at-Arms
12:17 Double-Bit Axe
13:14 Horse Collar
Connection lost

Rejoining the realm…

Still unreachable

The connection could not be restored.

Session expired

The server has moved on; the page needs a fresh start.